 Dungeon Crawl Stone Soup version 0.25.0-15-gac7dcb8919 (webtiles) character file.

Game seed: 11978157832694130034

10840 grindst0ne the Fighter (level 12, -14/94 HPs)
             Began as a Human Assassin on June 29, 2020.
             Was a High Priest of Okawaru.
             Demolished by an orc knight
             ... wielding a cursed +0 halberd
              (34 damage)
             ... in a bailey.
             The game lasted 00:25:46 (10382 turns).

grindst0ne the Fighter (Human Assassin)            Turns: 10382, Time: 00:25:46

Health: -14/94     AC: 19    Str: 20    XL:     12   Next: 0%
Magic:  12/13      EV: 15    Int: 12    God:    Okawaru [*****.]
Gold:   396        SH: 12    Dex: 14    Spells: 9/11 levels left

rFire    + + .     SeeInvis .   w - +6 quick blade
rCold    + . .     Gourm    .   M - +2 shield of Resistance {rF+ rC+ MR+}
rNeg     + . .     Faith    .   D - +11 Cigotuvi's embrace {rRot *Drain rN+}
rPois    +         Spirit   .   h - +0 helmet
rElec    .         Reflect  .   c - +0 cloak
rCorr    +         Harm     .   (no gloves)
MR       ++...                  L - +0 pair of boots
Stlth    ++........             K - amulet of regeneration
HPRegen  0.65/turn              I - ring of Zafoof {MR+ rCorr}
MPRegen  0.13/turn              H - ring of Contention {*Corrode rPois rF+ Str+3}

@: mighty, about to teleport, berserk cooldown, slowed, very slow
A: no striking features
a: Heroism, Finesse, Renounce Religion


You were in a bailey.
You worshipped Okawaru.
Okawaru was extremely pleased with you.
You were not hungry.

You visited 2 branches of the dungeon, and saw 11 of its levels.
You also visited: Bailey.

You collected 555 gold pieces.
You spent 159 gold pieces at shops.

Inventory:

Hand Weapons
 p - a +0 scimitar of flaming
 u - a +0 broad axe
 w - a +6 quick blade (weapon)
Missiles
 C - 8 boomerangs (quivered)
 N - 2 curare-tipped darts
 Q - 7 poisoned darts
Armour
 c - a +0 cloak (worn)
 h - a +0 helmet (worn)
 j - the +4 ring mail of Untruth {rPois Dex+4}
   (You found it on level 7 of the Dungeon)

   It affects your dexterity (+4).
   It protects you from poison.
 m - a +1 leather armour of cold resistance
 D - the +11 Cigotuvi's embrace (worn) {rRot *Drain rN+}
   (You found it on level 8 of the Dungeon)

   It protects you from negative energy.
   It causes draining when unequipped.
 L - a +0 pair of boots (worn)
 M - the +2 shield of Resistance (worn) {rF+ rC+ MR+}
   (You found it on level 8 of the Dungeon)

   It protects you from fire.
   It protects you from cold.
   It affects your resistance to hostile enchantments.
Jewellery
 g - an uncursed ring of fire
 x - a +6 ring of intelligence
 y - an uncursed ring of ice
 H - the ring of Contention (right hand) {*Corrode rPois rF+ Str+3}
   (You acquired it on level 10 of the Dungeon)

   [ring of poison resistance]

   It affects your strength (+3).
   It protects you from fire.
   It protects you from poison.
   It may corrode you when you take damage.
 I - the ring of Zafoof (left hand) {MR+ rCorr}
   (You found it on level 8 of the Dungeon)

   [ring of resist corrosion]

   It affects your resistance to hostile enchantments.
   It provides partial protection from all sources of acid and corrosion.
 K - an amulet of regeneration (around neck)
Wands
 a - a wand of digging (1)
 o - a wand of flame (5)
 t - a wand of random effects (71)
Scrolls
 b - 2 scrolls of identify
 k - 2 scrolls of amnesia
 n - 5 scrolls of enchant weapon
 r - 2 scrolls of fog
 s - 3 scrolls of remove curse
 v - 2 scrolls of teleportation
 B - a scroll of magic mapping
 F - 2 scrolls of blinking
 G - a scroll of immolation
Potions
 d - a potion of heal wounds
 e - a potion of magic
 i - 2 potions of flight
 l - 3 potions of brilliance
 q - 3 potions of mutation
 A - a potion of cancellation
 E - 4 potions of curing
 J - a potion of might
Comestibles
 f - 22 rations


   Skills:
 + Level 8.7 Fighting
 + Level 3.5 Short Blades
   Level 5.5 Polearms
 - Level 2.0 Throwing
 + Level 8.4 Armour
 + Level 8.5 Dodging
 - Level 4.0 Stealth
 * Level 5.5 Shields
 + Level 5.5 Translocations
 + Level 2.2 Invocations
 + Level 1.9 Evocations


You had 9 spell levels left.
You knew the following spells:

 Your Spells              Type           Power        Failure   Level  Hunger
a - Blink                 Tloc           N/A          21%         2    ###....

Your spell library contained the following spells:

 Spells                   Type           Power        Failure   Level  Hunger
 Magic Dart               Conj           #...         78%         1    ##.....
 Call Imp                 Summ           #.......     89%         2    ###....
 Slow                     Hex            #.......     89%         2    ###....
 Conjure Flame            Conj/Fire      #.......     98%         3    ####...
 Mephitic Cloud           Conj/Pois/Air  #.......     98%         3    ####...


Dungeon Overview and Level Annotations

Branches:
Dungeon (10/15)            Temple (1/1) D:4            Lair (0/6) D:10
    Orc (0/2) D:10         Bailey (1/1)

Altars:
Ashenzari
Cheibriados
Dithmenos
Gozag
Hepliaklqana
Okawaru
Sif Muna
Uskayaw
Xom

Shops:
D:4 ?=*   D:7 [   D:9 !   D:10 *

Annotations:
D:10 Harold


Message History

You feel yourself slow down.
The orc no longer looks unusually strong.
The orc priest no longer looks unusually strong.
You block the orc priest's attack.
The orc wizard gestures at you while chanting.
The magic dart hits you but does no damage.
Okay, then.
As you read the scroll of teleportation, it crumbles to dust.
You feel strangely unstable.
The orc wizard no longer looks unusually strong.
The gnoll misses you. You block the orc's attack.
The orc knight roars a battlecry!
The orcs go into a battle-frenzy!
You block the orc wizard's attack.
The orc knight hits you from afar with a +0 glaive!
* * * LOW HITPOINT WARNING * * *
The orc wizard closely misses you. The gnoll hits you but does no damage.
The orc closely misses you. The orc warrior barely misses you.
The orc knight hits you from afar with a cursed +0 halberd!!
You die... #.....# #.)...# #.....# #..(..# ##')'## ##..goo## #...ogoo# #..goooo#

#..oooo@#
#..og.oo#
#...oooo#
##..ogo##
#''''g#
#.....#
#.......#
#.......#
#.......#


You could see 2 orc knights, 3 orc warriors, 2 orc priests, 3 orc wizards, 6
gnolls and 12 orcs.

Vanquished Creatures
  Erolcha (D:9)
  Erica (D:8)
  2 two-headed ogres
  4 orc knights (Bailey)
  2 centaur zombies
  Joseph (D:9)
  Prince Ribbit (D:7)
  Sigmund (D:5)
  A spriggan (D:7)
  A wyvern (D:9)
  7 yaks
  2 water moccasins
  7 orc warriors
  A phantom (D:8)
  A sky beast (D:7)
  2 black bears
  8 ogres
  3 centaurs
  A big kobold (D:9)
  4 bullfrogs
  A wyvern zombie (D:9)
  A wyvern skeleton (D:7)
  4 wights (D:7)
  2 howler monkeys
  2 crimson imps
  A gnoll shaman (D:10)
  2 jellies
  Crazy Yiuf (D:2)
  3 orc priests
  2 centaur skeletons
  3 hounds
  Jessica (D:3)
  5 worker ants
  14 orc wizards
  3 hound skeletons
  3 worker ant zombies
  13 adders
  5 gnolls (D:10)
  A howler monkey skeleton (D:7)
  2 shadow imps
  An ooze (D:6)
  An adder zombie (D:9)
  4 worms
  A dart slug (D:2)
  7 leopard geckos
  53 orcs
  2 ball pythons (D:1)
  5 giant cockroaches
  6 goblins
  8 hobgoblins
  5 jackals
  9 kobolds
  5 quokkas
  6 bats
  6 frilled lizards
  2 jackal skeletons (D:5)
  A leopard gecko zombie (D:5)
  4 rats
246 creatures vanquished.

Vanquished Creatures (others)
  5 toadstools (D:1)
5 creatures vanquished.

Grand Total: 251 creatures vanquished

Notes
Turn   | Place    | Note
-------+----------+-------------------------------------------
     0 | D:1      | grindst0ne the Human Assassin began the quest for the Orb.
     0 | D:1      | Reached XP level 1. HP: 16/16 MP: 1/1
   145 | D:1      | Reached XP level 2. HP: 22/22 MP: 2/2
   304 | D:1      | Reached skill level 1 in Armour
   591 | D:1      | Reached XP level 3. HP: 18/28 MP: 3/3
  1363 | D:2      | Found a shimmering altar of Xom.
  1523 | D:2      | Reached XP level 4. HP: 29/34 MP: 4/4
  1617 | D:2      | Found a snail-covered altar of Cheibriados.
  1711 | D:2      | Found a hazy altar of Hepliaklqana.
  1711 | D:2      | Found a shimmering blue altar of Sif Muna.
  1798 | D:2      | Found an opulent altar of Gozag.
  1934 | D:2      | Found a runed translucent door.
  1935 | D:2      | Noticed Crazy Yiuf
  2530 | D:2      | Killed Crazy Yiuf
  2530 | D:2      | Reached XP level 5. HP: 14/41 MP: 5/5
  3324 | D:3      | Reached XP level 6. HP: 48/48 MP: 6/6
  3413 | D:3      | Found a faded altar of an unknown god.
  3517 | D:3      | Noticed Jessica
  3524 | D:3      | Killed Jessica
  4319 | D:4      | Found Nyir's Jewellery Emporium.
  4341 | D:4      | Found Vam Loit's General Store.
  4372 | D:4      | Found a staircase to the Ecumenical Temple.
  4465 | Temple   | Entered the Ecumenical Temple
  4503 | Temple   | Became a worshipper of Warmaster Okawaru
  4553 | D:4      | Found Adasar's Magic Scroll Emporium.
  4561 | D:4      | Bought a scroll of blinking for 75 gold pieces
  4561 | D:4      | Bought a scroll of teleportation for 30 gold pieces
  4629 | D:5      | Entered Level 5 of the Dungeon
  4638 | D:5      | Reached XP level 7. HP: 54/54 MP: 7/7
  4724 | D:5      | Noticed Sigmund
  4736 | D:5      | Killed Sigmund
  4833 | D:5      | Reached * piety under Okawaru
  4833 | D:5      | Reached skill level 5 in Fighting
  4833 | D:5      | Reached skill level 5 in Armour
  4833 | D:5      | Reached skill level 5 in Dodging
  4833 | D:5      | Reached XP level 8. HP: 35/63 MP: 8/8
  5521 | D:5      | Learned a level 2 spell: Blink
  5557 | D:5      | Reached skill level 1 in Polearms
  5903 | D:6      | Reached skill level 1 in Translocations
  5903 | D:6      | Reached XP level 9. HP: 69/69 MP: 9/9
  5922 | D:6      | Reached ** piety under Okawaru
  6245 | D:6      | Reached *** piety under Okawaru
  6729 | D:7      | Got a warped ring mail
  6766 | D:7      | Identified the +4 ring mail of Untruth {rPois Dex+4} (You
                  | found it on level 7 of the Dungeon)
  6834 | D:7      | Noticed a two-headed ogre
  6927 | D:7      | Reached XP level 10. HP: 79/79 MP: 10/10
  7119 | D:7      | Killed a two-headed ogre
  7119 | D:7      | Reached **** piety under Okawaru
  7508 | D:7      | Found Luemeps's Armour Shoppe.
  7551 | D:7      | Bought a +0 kite shield for 54 gold pieces
  7723 | D:8      | Noticed Prince Ribbit
  7830 | D:7      | Killed Prince Ribbit
  7916 | D:7      | Reached skill level 1 in Shields
  8020 | D:8      | Received a gift from Okawaru
  8020 | D:8      | Reached skill level 5 in Polearms
  8028 | D:8      | Found the +2 shield of Resistance {rF+ rC+ MR+}
  8076 | D:8      | Got an ancient platinum ring
  8077 | D:8      | Identified the ring of Zafoof {MR+ rCorr} (You found it on
                  | level 8 of the Dungeon)
  8185 | D:8      | Found the +4 Cigotuvi's embrace {rRot *Drain rN+}
  8291 | D:8      | Noticed Erica
  8334 | D:8      | Killed Erica
  8334 | D:8      | Reached ***** piety under Okawaru
  8334 | D:8      | Reached skill level 5 in Translocations
  8334 | D:8      | Reached XP level 11. HP: 38/86 MP: 11/11
  8555 | D:9      | Noticed Joseph
  8583 | D:9      | Killed Joseph
  8637 | D:9      | Received a gift from Okawaru
  9088 | D:9      | Noticed Erolcha
  9097 | D:9      | Killed Erolcha
  9198 | D:9      | Found Gilem's Distillery.
  9402 | D:9      | Noticed a two-headed ogre
  9406 | D:9      | Killed a two-headed ogre
  9607 | D:10     | Entered Level 10 of the Dungeon
  9656 | D:10     | Identified a scroll of acquirement
  9659 | D:10     | Got the ring of Contention {*Corrode rPois rF+ Str+3}
  9690 | D:10     | Reached skill level 1 in Invocations
  9698 | D:10     | Found a staircase to the Lair.
  9737 | D:10     | Noticed a six-headed hydra
  9746 | D:10     | Found Pacvi Omikk's Assorted Antiques.
  9747 | D:10     | Noticed Harold
  9766 | D:10     | Reached skill level 1 in Evocations
  9769 | D:10     | Reached skill level 5 in Shields
  9833 | D:10     | Found a flagged portal.
  9842 | Bailey   | Entered a bailey
 10241 | Bailey   | Noticed an orc knight
 10241 | Bailey   | Noticed an orc knight
 10241 | Bailey   | Noticed an orc knight
 10275 | Bailey   | Noticed an orc knight
 10279 | Bailey   | Killed an orc knight
 10296 | Bailey   | Killed an orc knight
 10313 | Bailey   | Killed an orc knight
 10335 | Bailey   | Noticed an orc knight
 10352 | Bailey   | Noticed an orc knight
 10362 | Bailey   | Killed an orc knight
 10362 | Bailey   | Received a gift from Okawaru
 10362 | Bailey   | Reached XP level 12. HP: 94/94 MP: 10/13
 10382 | Bailey   | Demolished by an orc knight

Illustrated notes

Levels and vault maps discovered:
D:1:      ldierk_walled_garden, layout_basic
D:2:      lemuel_upstairs_altar, layout_basic, old_standard_altar,
          old_standard_altar, gammafunk_temple_overflow_wave, tgw_xom,
          uniq_crazy_yiuf_cottage
D:3:      layout_basic, first_ration, chequers_ecumenical_altar_simple_redux,
          uniq_jessica
D:4:      layout_cave_pools, minmay_temple_entry_stoned_glass, serial_shops,
          shop, nicolae_shop_window_shopping, shop_fountains,
          kennysheep_generic_room_8
D:5:      layout_basic, st_stairs_7, uniq_sigmund
D:6:      layout_loops_ring
D:7:      layout_basic, serial_shops, shop, the_bakery
D:8:      layout_rooms, uniq_prince_ribbit1, uniq_erica
D:9:      layout_basic, serial_shops, nicolae_shop_stone, uniq_erolcha,
          uniq_joseph
D:10:     cheibrodos_wizards_tower, layout_basic, lair_entry_dummy, orc_0_dummy,
          enter_bailey_8, biasface_ghost_orc_armoury, serial_shops, shop,
          serial_glass, glass_columns_b, glass_columns_c, glass_columns_c,
          glass_columns_b, glass_columns_b, glass_columns_b, glass_columns_a,
          glass_columns_a, glass_columns_a, glass_columns_c, item_on_display_a,
          feat_on_display, due_unseen_surprise, feat_on_display, uniq_harold,
          uniq_josephine
Temple:   dpeg_five_rooms_temple
Bailey:   bailey_polearm_5, bailey

Skill      XL: |  1  2  3  4  5  6  7  8  9 10 11 |
---------------+----------------------------------+-----
Armour         | 1 2 3 5 6 7 8 |  8.4
Dodging        | 2 3 5 6 7 8 |  8.5
Fighting       | 3 4 5 6 7 8 |  8.7
Polearms       | 1 3 5 |  5.5
Translocations | 1 3 5 |  5.5
Shields        | 2 5 |  5.5
Short Blades   | 3 |  3.5
Invocations    | 2 |  2.2
Evocations     | 1 |  1.9
Throwing       | |  2.0
Stealth        | |  4.0

Action                   |  1- 3 |  4- 6 |  7- 9 | 10-12 || total
-------------------------+-------+-------+-------+-------++-------
Melee: Dagger            |   114 |    35 |       |       ||   149
       Quarterstaff      |       |   100 |    58 |       ||   158
       Trident           |       |       |   244 |   384 ||   628
       Quick blade       |       |       |       |   328 ||   328
Throw: Dart              |       |       |    37 |    25 ||    62
       Boomerang         |       |       |       |    17 ||    17
       Javelin           |       |       |       |    14 ||    14
Invok: Heroism           |       |       |       |     2 ||     2
       Finesse           |       |       |       |     2 ||     2
Evoke: Wand              |       |     1 |       |    10 ||    11
  Use: Scroll            |       |     4 |    10 |    11 ||    25
       Potion            |       |     3 |     2 |    16 ||    21
 Stab: Sleeping          |     6 |     1 |     2 |     5 ||    14
       Distracted        |     1 |     1 |       |     2 ||     4
       Paralysed         |       |     1 |       |       ||     1
       Petrifying        |       |       |     1 |       ||     1
  Eat: Chunk             |     2 |    10 |     8 |     5 ||    25
       Ration            |       |       |       |     2 ||     2
Armor: Robe              |    26 |       |       |       ||    26
       Scale mail        |       |    80 |   122 |       ||   202
       Ring mail         |       |       |     7 |   101 ||   108
       Skin              |       |       |       |    22 ||    22
       Leather armour    |       |       |       |   138 ||   138
Dodge: Dodged            |    42 |   126 |   186 |   418 ||   772
Block: Kite shield       |       |       |       |   319 ||   319
